Map: Prion Terraces

Players

Miszu - Winner!

  • Race: Terran Terran
  • League: Grandmaster

BOBBYBROWN

  • Race: Terran Terran
  • League: Master

VOD

Have the link to the VOD?

Description

Time

  • Played on: Feb. 10, 2016, 12:16 p.m.
  • Length: 5:46
Show
View Real Time Build Order
Export as new Build Order

Miszu Terran - Winner!

Build Orders:  

Get SALT Encoding   

  12  0:00  SCV  
  13  0:14  SCV  
  13  0:19  Supply Depot  
  14  0:28  SCV  
  15  0:42  Barracks  
  15  0:43  SCV  
  15  0:49  Refinery  
  16  0:55  SCV  
  17  1:07  SCV  
  18  1:19  SCV  
  19  1:31  Orbital Command  
  19  1:35  Barracks Reactor  
  19  1:44  Command Center  
  19  1:50  Refinery  
  19  1:57  SCV  
  20  2:03  Supply Depot  
  20  2:10  Factory  
  20  2:13  SCV  
  21  2:19  Marine x2  
  23  2:28  SCV  
  24  2:37  Marine x2  
  24  2:40  SCV  
  27  2:53  SCV  
  27  2:57  Orbital Command  
  28  2:59  Starport  
  28  3:00  Marine, Factory Tech Lab  
  28  3:02  Marine  
  28  3:05  SCV  
  31  3:17  SCV  
  31  3:18  Siege Tank  
  35  3:21  Marine  
  35  3:24  Marine  
  35  3:26  SCV  
  38  3:31  SCV  
  39  3:35  Medivac  
  39  3:39  Marine  
  42  3:41  Marine  
  42  3:43  Supply Depot  
  43  3:50  Siege Tank  
  46  3:55  Supply Depot  
  46  4:05  Marine x2, SCV x2  
  50  4:14  Barracks  
  50  4:16  Barracks  
  50  4:17  Medivac, SCV x2  
  50  4:23  Supply Depot, Marine  
  55  4:26  Supply Depot  
  55  4:27  Marine  
  55  4:29  SCV  
  57  4:36  Siege Tank  
  60  4:47  Marine  
  60  4:48  Medivac  
  60  4:50  SCV x2  
  63  5:10  Marine  
  63  5:12  Marine x2, Siege Tank  
  63  5:13  Marine, SCV  
  72  5:14  SCV  
  72  5:16  Refinery, Barracks  
  72  5:25  SCV  
  72  5:28  Marine  
Show
View Real Time Build Order
Export as new Build Order

BOBBYBROWN Terran 

Build Orders:  

Get SALT Encoding   

  12  0:01  SCV  
  13  0:13  SCV  
  14  0:20  Supply Depot  
  14  0:25  SCV  
  15  0:42  Barracks, SCV  
  16  0:54  SCV  
  17  1:06  SCV  
  18  1:14  Command Center  
  19  1:18  SCV  
  19  1:30  Marine  
  19  1:31  Orbital Command  
  20  1:40  Barracks  
  20  1:48  Marine  
  20  1:53  Barracks  
  21  1:57  SCV  
  22  2:02  Refinery  
  22  2:06  Marine  
  23  2:13  Refinery  
  23  2:26  SCV, Orbital Command  
  23  2:28  Marine x2  
  26  2:40  SCV  
  26  2:42  Barracks Tech Lab  
  27  2:46  Marine x2  
  29  2:51  SCV  
  29  2:53  SCV  
  31  2:59  Combat Shields  
  31  3:00  Marine  
  31  3:03  Engineering Bay, SCV  
  31  3:05  SCV  
  34  3:07  Marine  
  34  3:08  Marine  
  36  3:16  SCV  
  36  3:17  SCV  
  36  3:19  Supply Depot  
  38  3:21  Supply Depot  
  38  3:30  Terran Infantry Armor Level 1  
  38  3:40  Factory, Marine x3, SCV x2  
  43  3:43  Refinery  
  43  3:53  Barracks, SCV x2  
  43  3:55  Barracks  
  45  3:58  Marine  
  45  3:59  Marine  
  45  4:00  Marine  
  48  4:05  SCV  
  48  4:06  Refinery  
  48  4:08  Missile Turret  
  49  4:14  Missile Turret  
  49  4:18  SCV  
  52  4:27  SCV  
  52  4:30  SCV  
  54  4:33  Barracks Reactor x2  
  52  4:42  Barracks Reactor, Factory Reactor  
  52  4:43  Starport  
  51  4:45  SCV x2  
  51  4:47  Marauder  
  54  5:01  Supply Depot, Marine  
  48  5:08  Marine  
  48  5:13  Marine x4  
  50  5:18  Marine x2  
  50  5:19  Marine  
  50  5:28  Factory Tech Lab  
Tags
 
Add a new tag
Caveats
  • Supply blocks, unpowered buildings, or Contaminate may cause inaccurate times.
  • Supply counts are checked every 10 seconds.